 Dungeon Crawl Stone Soup version 0.30-b1-2-g02819fbbbe (webtiles) character file.

Game seed: 1385596884051850301

208092 BerneyBell the Slayer (level 18, -11/182 HPs)
             Began as a Minotaur Fighter on July 11, 2023.
             Was a High Priest of Wu Jian.
             Mangled by a merfolk impaler
             ... wielding a +2 trident of pain
              (13 damage)
             ... on level 4 of the Shoals on July 12, 2023.
             The game lasted 03:07:06 (30369 turns).

BerneyBell the Slayer (Minotaur Fighter)           Turns: 30369, Time: 03:07:06

Health: -11/182    AC: 29    Str: 31    XL:     18   Next: 11%
Magic:  0/17       EV: 15    Int:  5    God:    Wu Jian [*****.]
Gold:   2685       SH: 16    Dex: 21    Spells: 17/17 levels left

rFire   . . .        O - +9 morningstar (vamp)
rCold   + . .        j - +0 kite shield
rNeg    + . .        Y - +1 pearl dragon scales
rPois   .            p - +1 hat
rElec   +            Z - +0 cloak "Ynluwiud" {rCorr Dex+4}
rCorr   +            b - +2 pair of gloves "Kimif" {rElec}
SInv    .            x - +0 pair of boots
Will    +....        X - amulet of guardian spirit Stlth
                     S - ring "Daosam" {rC+ EV+5 Str+3 Dex+3}
HPRegen 0.50/turn    k - ring "Metouhom" {Dex+3 Slay+4}
MPRegen 0.15/turn

%: guardian spirit
@: very slow
A: horns 2, retaliatory headbutt
}: 1/15 runes: gossamer
a: Renounce Religion, Wall Jump, Serpent's Lash, Heavenly Storm


You were on level 4 of the Shoals.
You worshipped Wu Jian.
Wu Jian was extremely pleased with you.
You visited 5 branches of the dungeon, and saw 27 of its levels.
You visited 1 bazaar.
You also visited: Ossuary and Bailey.

You collected 3823 gold pieces.
You spent 1138 gold pieces at shops.

Inventory:

Hand Weapons
 O - a +9 vampiric morningstar (weapon)
Missiles
 a - 4 javelins (quivered)
 f - 41 poisoned darts
 g - 10 throwing nets
 u - 16 curare-tipped darts
Armour
 b - the +2 pair of gloves "Kimif" (worn) {rElec}
   (You acquired it on level 4 of the Dungeon)

   rElec:     It insulates you from electricity.
 c - a +0 buckler
 j - a +0 kite shield (worn)
 p - a +1 hat (worn)
 x - a +0 pair of boots (worn)
 Y - +1 pearl dragon scales (worn)
 Z - the +0 cloak "Ynluwiud" (worn) {rCorr Dex+4}
   (You acquired it on level 11 of the Dungeon)

   Dex:       It affects your dexterity (+4).
   rCorr:     It protects you from acid and corrosion.
Jewellery
 h - a ring of flight
 k - the ring "Metouhom" (right hand) {Dex+3 Slay+4}
   (You acquired it on level 3 of the Lair of Beasts)

   [ring of slaying]

   Dex:       It affects your dexterity (+3).
   Slay:      It affects your accuracy & damage with ranged weapons and melee
   (+4).
 l - a ring of positive energy
 n - a +5 ring of evasion
 w - a +6 ring of strength
 F - the ring "Zoumer" {rElec rPois rF+ Int-4}
   (You found it on level 5 of the Lair of Beasts)

   [ring of protection from fire]

   Int:       It affects your intelligence (-4).
   rF:        It protects you from fire.
   rElec:     It insulates you from electricity.
   rPois:     It protects you from poison.
 I - a ring of resist corrosion
 S - the ring "Daosam" (left hand) {rC+ EV+5 Str+3 Dex+3}
   (You bought it in a shop on level 2 of the Orcish Mines)

   [ring of evasion]

   EV:        It affects your evasion (+5).
   Str:       It affects your strength (+3).
   Dex:       It affects your dexterity (+3).
   rC:        It protects you from cold.
 W - a ring of protection from fire
 X - an amulet of guardian spirit (around neck)
Wands
 m - a wand of roots (13)
 s - a wand of digging (22)
 C - a wand of polymorph (17)
 D - a wand of paralysis (8)
 E - a wand of light (4)
 R - a wand of flame (13)
 T - a wand of mindburst (23)
Scrolls
 v - 2 scrolls of blinking
 y - 6 scrolls of fear
 B - 4 scrolls of silence
 G - 8 scrolls of teleportation
 H - 5 scrolls of fog
 M - 4 scrolls of magic mapping
 Q - 3 scrolls of summoning
 U - 4 scrolls of enchant weapon
 V - 3 scrolls of brand weapon
Potions
 d - 3 potions of might
 e - 10 potions of heal wounds
 i - 6 potions of flight
 o - 4 potions of berserk rage
 q - 16 potions of curing
 r - 11 potions of ambrosia
 t - 5 potions of brilliance
 z - 5 potions of invisibility
 A - 2 potions of magic
 J - 3 potions of resistance
 K - 4 potions of lignification
 L - 11 potions of haste
 N - 5 potions of cancellation
Miscellaneous
 P - a phial of floods


   Skills:
 + Level 21.2 Fighting
 - Level 16.0 Maces & Flails
 - Level 10.0 Throwing
 + Level 21.1 Armour
 + Level 18.5 Shields


You had 17 spell levels left.
You didn't know any spells.
Your spell library contained the following spells:

 Spells                   Type           Power      Damage    Failure   Level
 Apportation              Tloc           0%         N/A       71%         1
 Shock                    Conj/Air       0%         1d3       71%         1
 Sting                    Tmut/Pois      0%         1d3       71%         1
 Ensorcelled Hibernation  Hex/Ice        0%         N/A       85%         2
 Passwall                 Tmut/Erth      0%         N/A       85%         2
 Poisonous Vapours        Pois/Air       0%         N/A       85%         2
 Scorch                   Fire           0%         2d5       85%         2
 Sublimation of Blood     Necr           0%         N/A       85%         2
 Wereblood                Tmut           0%         N/A       85%         2
 Gell's Gravitas          Tloc           0%         N/A       97%         3
 Ignite Poison            Fire/Tmut/Pois 0%         N/A       97%         3
 Ozocubu's Armour         Ice            0%         N/A       97%         3
 Portal Projectile        Hex/Tloc       0%         N/A       97%         3
 Swiftness                Air            0%         N/A       97%         3
 Teleport Other           Tloc           0%         N/A       97%         3
 Tukima's Dance           Hex            0%         N/A       97%         3
 Airstrike                Air            0%         2d(0-16)  100%        4
 Flame Wave               Conj/Fire      0%         2d4       100%        4
 Olgreb's Toxic Radiance  Pois           0%         N/A       100%        4
 Petrify                  Tmut/Erth      0%         N/A       100%        4
 Sticky Flame             Conj/Fire      0%         2d3       100%        4
 Summon Ice Beast         Ice/Summ       0%         N/A       100%        4
 Alistair's Intoxication  Tmut/Pois      0%         N/A       100%        5
 Blade Hands              Tmut           0%         N/A       100%        5
 Borgnjor's Vile Clutch   Necr/Erth      0%         N/A       100%        5
 Irradiate                Conj/Tmut      0%         3d11      100%        5
 Metabolic Englaciation   Hex/Ice        0%         N/A       100%        5
 Summon Forest            Summ/Tloc      0%         N/A       100%        5
 Summon Mana Viper        Hex/Summ       0%         N/A       100%        5
 Dispersal                Tloc           0%         N/A       100%        6
 Eringya's Noxious Bog    Tmut/Pois      0%         N/A       100%        6
 Statue Form              Tmut/Erth      0%         N/A       100%        6
 Summon Cactus Giant      Summ           0%         N/A       100%        6
 Monstrous Menagerie      Summ           0%         N/A       100%        7
 Ozocubu's Refrigeration  Ice            0%         4d7       100%        7
 Summon Hydra             Summ           0%         N/A       100%        7
 Ignition                 Fire           0%         3d3       100%        8


Dungeon Overview and Level Annotations

Branches:
Dungeon (12/15)            Temple (0/1) D:6            Lair (5/5) D:9
 Shoals (4/4) Lair:3       Spider (4/4) Lair:2        Slime (0/5) Lair:4
    Orc (2/2) D:12            Elf (0/3) Orc:2       Ossuary (visited)
 Bailey (visited)

Altars:
Fedhas
Gozag
Nemelex Xobeh
Sif Muna
Trog
Vehumet
Wu Jian
Xom
Jiyva

Shops:
D:4 !   D:7 (   D:9 *(   D:11 ?   Orc:2 (=[*

Annotations:
D:10 2 transporters
Lair:4 1 runed translucent door
Shoals:1 3 runed translucent doors, ShutUppercut's ghost, adept SpEn


Innate Abilities, Weirdness & Mutations

You have a pair of horns on your head.
You reflexively headbutt those who attack you in melee.


Message History

The merfolk avatar is engulfed in a cloud of scalding steam.
You block the merfolk impaler's attack.
You thump the merfolk avatar!
You feel better.
You headbutt the merfolk avatar.
The merfolk avatar is almost dead.
Your lungs strain for air!
The water elemental misses you.
The merfolk avatar is engulfed in a cloud of scalding steam.
You break out of your daze!
You kill the merfolk avatar!
The Council accepts your kill.
The merfolk hits you from afar with a +0 trident.
The merfolk javelineer hits you from afar with a +0 spear.
The merfolk impaler hits you with a +2 trident of pain!
* * * LOW HITPOINT WARNING * * *
You writhe in agony.
* * * LOW HITPOINT WARNING * * *
You slip free of the water engulfing you.
You gasp with relief as air once again reaches your lungs.
You spin and attack the merfolk impaler repeatedly.
You closely miss the merfolk impaler.
Your headbutt misses the merfolk impaler.
The merfolk impaler is heavily wounded.
You closely miss the merfolk impaler. You headbutt the merfolk impaler!
The merfolk impaler is severely wounded.
You are engulfed in a cloud of scalding steam.
* * * LOW HITPOINT WARNING * * *
The merfolk impaler hits you with a +2 trident of pain!
* * * LOW HITPOINT WARNING * * *
The merfolk hits you but does no damage.
The water nymph casts a spell at you. The water swirls and strikes you.
* * * LOW HITPOINT WARNING * * *
The merfolk javelineer throws a silver javelin.
The silver javelin pierces through you!!
* * * LOW HITPOINT WARNING * * *
x2 The silver javelin barely misses the water nymph.
The merfolk impaler hits you but does no damage.
You block the water elemental's attack.
The merfolk impaler hits you with a +2 trident of pain!
You die...

######## .......######
############# ........#8....
.$...~......
##'##...#.....##~~~~~~.~?..
#..P##..#..~~~~~~##~#~~~~~~
.....#.^#..~~~#mmE...#~.~~~
P....#.P#...~~~m@#~)~~~~~~~
.....#P.#......~~~~~~~#~...
#...##..#8......~~m~.......
#####...##########..##########
.P.P...........†.....†..!.(...
###.P..P...........$(.).....!.
############################


You could see a merfolk impaler, a merfolk javelineer, a merfolk, a water
elemental and a water nymph.

Vanquished Creatures
  Bai Suzhen (Spider:3)
  Arachne (Spider:3)
  Mlioglotl (Shoals:2)
  A titan (Shoals:1)
  A kraken (Shoals:2)
  Polyphemus (Shoals:3)
  Kirke (Spider:2)
  Frances (Shoals:2)
  Donald (Shoals:3)
  Ilsuiw (Shoals:2)
  A frost giant (Shoals:1)
  5 ghost moths
  6 emperor scorpions
  2 orc warlords
  The ghost of diceflayer the Marksdemonspawn, a journeyman DsHu of Okawaru (Orc:2)
  A stone giant (Shoals:1)
  3 spark wasps
  Snorg (D:10)
  11 merfolk impalers
  A merfolk javelineer (Shoals:3)
  A spectral kraken (Shoals:3)
  An ettin (Orc:2)
  5 entropy weavers
  Harold (Lair:2)
  5 hydras
  The ghost of Zleub the Nimble, a journeyman MfGl of Uskayaw (Lair:2)
  5 boulder beetles
  A jorogumo (Spider:1)
  3 ghost crabs (Shoals:3)
  6 merfolk avatars
  2 radroaches
  2 merfolk aquamancers
  A catoblepas (Shoals:3)
  3 two-headed ogres
  11 death yaks
  Nergalle (Orc:2)
  An orc high priest (Orc:2)
  Sonja (Lair:5)
  The ghost of NimIero the Zephyrmancer, a novice TeAE of Vehumet (D:8)
  7 pharaoh ants
  Lodul (D:12)
  2 sea snakes
  2 skysharks
  3 slime creatures (D:12)
  13 orb spiders
  7 orc knights
  4 deep elf pyromancers (Orc:2)
  An ugly thing (D:11)
  9 steelbarb worms
  24 harpies
  21 wolf spiders
  4 deep elf zephyrmancers (Orc:2)
  4 fauns (Shoals:2)
  5 orc sorcerers (Orc:2)
  5 cyclopes
  6 moths of wrath
  3 manticores (Shoals:2)
  9 elephants
  3 black mambas (Lair:5)
  Maurice (D:10)
  6 demonic crawlers
  3 merfolk sirens (Shoals:2)
  6 water nymphs
  Maggie (D:8)
  5 torpor snails
  The ghost of MiniNoises the Stinger, a novice NaVM of Fedhas (D:6)
  15 cane toads
  2 unseen horrors
  3 rime drakes
  3 spectral merfolk (Shoals:3)
  A spectral water nymph (Shoals:3)
  13 komodo dragons
  13 trolls
  4 meliai
  10 polar bears (Lair:5)
  37 merfolk
  6 wind drakes
  The ghost of NimIero the Poker, an amateur MfBe of Trog (D:4)
  A queen bee (Lair:2)
  21 tarantellas
  A spectral manticore (Shoals:3)
  7 hornets
  19 blink frogs
  2 raiju (Lair:5)
  11 dream sheep
  2 snapping turtles
  21 jumping spiders
  4 wraiths
  2 air elementals (Shoals:4)
  Sigmund (D:2)
  A spectral wind drake (Shoals:3)
  13 culicivoras
  20 water elementals
  4 wyverns
  62 yaks
  A hog (Spider:2)
  Eustachio (D:6)
  5 basilisks
  A steam dragon (D:9)
  40 redbacks
  Grum (D:10)
  6 wargs
  3 acid dragons
  13 water moccasins
  15 hell hounds (Lair:5)
  Duvessa (D:6)
  2 sky beasts (D:7)
  12 black bears
  35 orc warriors
  21 ogres
  33 wolves
  7 centaurs
  Blork the orc (D:5)
  8 bullfrogs
  A gnoll sergeant (D:10)
  5 kobold brigands
  4 scorpions
  3 water moccasin zombies (Ossuary)
  6 wights
  Dowan (D:6)
  12 killer bees
  4 howler monkeys
  3 electric eels
  4 jellies
  4 hounds
  29 orc priests
  A gnoll bouda (D:4)
  Jessica (D:3)
  34 orc wizards
  2 iguanas (D:5)
  2 hell rats (Lair:4)
  3 mummies
  Robin (D:2)
  9 adders
  10 gnolls
  6 river rats (Lair:4)
  2 white imps (D:6)
  An ufetubus (D:4)
  2 adder zombies (Ossuary)
  5 dart slugs
  100 orcs
  8 ball pythons
  11 endoplasms
  4 giant cockroaches
  12 goblins
  13 hobgoblins
  14 jackals
  37 kobolds
  8 quokkas
  5 bats
  5 frilled lizards
  4 gnoll zombies (Ossuary)
  A goblin zombie (D:8)
  2 hobgoblin zombies
  11 kobold zombies (Ossuary)
  6 orc zombies (Ossuary)
  9 rats
  2 butterflies (Lair:4)
  A spectral weapon (Spider:3)
  6 tentacles
1170 creatures vanquished.

Vanquished Creatures (others)
  3 humans (Spider:2)
  An orc (Orc:2)
  23 fungi
  135 plants
  31 tentacles
  10 withered plants
203 creatures vanquished.

Grand Total: 1373 creatures vanquished

Notes
Turn   | Place    | Note
-------+----------+-------------------------------------------
     0 | D:1      | BerneyBell the Minotaur Fighter began the quest for the
                  | Orb.
     0 | D:1      | Reached XP level 1. HP: 19/19 MP: 0/0
   183 | D:1      | Reached XP level 2. HP: 24/26 MP: 1/1
   464 | D:1      | Found a faded altar of an unknown god.
   467 | D:1      | Prayed at the altar of an unknown god.
   467 | D:1      | Became a worshipper of the Wu Jian Council
   467 | D:1      | Reached * piety under Wu Jian
   544 | D:1      | Reached XP level 3. HP: 31/31 MP: 2/2
   680 | D:1      | You fall into a shaft and drop 1 floor!
   935 | D:2      | Reached skill level 5 in Maces & Flails
   974 | D:2      | Reached XP level 4. HP: 32/39 MP: 3/3
  1176 | D:2      | Noticed Robin
  1183 | D:2      | Reached ** piety under Wu Jian
  1203 | D:2      | Killed Robin
  1400 | D:2      | Noticed Sigmund
  1410 | D:2      | Killed Sigmund
  1411 | D:2      | Reached XP level 5. HP: 38/45 MP: 4/4
  1411 | D:2      | Reached XP level 6. HP: 44/51 MP: 5/5
  1672 | D:3      | Found a radiant altar of Vehumet.
  1854 | D:3      | Found an opulent altar of Gozag.
  2078 | D:3      | Reached *** piety under Wu Jian
  2122 | D:3      | Found a bloodstained altar of Trog.
  2131 | D:3      | Noticed Jessica
  2137 | D:3      | Killed Jessica
  2146 | D:3      | Found a shimmering blue altar of Sif Muna.
  2151 | D:3      | Got Sif Muna's Notes on Shifting
  2189 | D:3      | Identified the +3 leather armour of Baldness {Dex+4}
  2310 | D:4      | Identified a scroll of acquirement
  2310 | D:4      | Acquired the +2 pair of gloves "Kimif" {rElec}
  2510 | D:4      | Found Toom's Distillery.
  2513 | D:4      | Bought a potion of heal wounds for 55 gold pieces
  2563 | D:4      | Reached XP level 7. HP: 57/57 MP: 6/6
  2934 | D:4      | Found a transporter.
  2936 | D:4      | Noticed NimIero's ghost (amateur MfBe)
  3140 | D:4      | Reached skill level 10 in Maces & Flails
  3274 | D:5      | Entered Level 5 of the Dungeon
  3591 | D:5      | Reached XP level 8. HP: 57/64 MP: 7/7
  3596 | D:5      | Reached **** piety under Wu Jian
  4263 | D:5      | Noticed Blork the orc
  4271 | D:5      | Killed Blork the orc
  4472 | D:6      | Noticed Dowan
  4476 | D:6      | Noticed Duvessa
  4482 | D:6      | Killed Duvessa
  4497 | D:6      | Killed Dowan
  4497 | D:6      | Noticed Eustachio
  4765 | D:6      | Found a staircase to the Ecumenical Temple.
  4781 | D:6      | Found a shimmering altar of Xom.
  4803 | D:6      | Found a runed translucent door.
  4804 | D:6      | Noticed MiniNoises's ghost (novice NaVM)
  4819 | D:6      | Killed MiniNoises's ghost
  4820 | D:6      | Reached skill level 1 in Throwing
  4820 | D:6      | Reached XP level 9. HP: 63/71 MP: 8/8
  5001 | D:6      | Killed Eustachio
  5431 | D:6      | Found a sparkling altar of Nemelex Xobeh.
  5604 | D:4      | Found a transporter.
  5887 | D:7      | Reached skill level 5 in Fighting
  5887 | D:7      | Reached skill level 5 in Armour
  6101 | D:7      | Reached ***** piety under Wu Jian
  6134 | D:7      | Found Vous's Weapon Shop.
  6142 | D:7      | Bought 2 throwing nets for 96 gold pieces
  6737 | D:8      | Reached XP level 10. HP: 38/84 MP: 9/9
  6760 | D:8      | Reached skill level 5 in Throwing
  6905 | D:8      | Found a runed translucent door.
  6906 | D:8      | Noticed NimIero's ghost (novice TeAE)
  7071 | D:8      | Found a sand-covered staircase.
  7077 | Ossuary  | Entered an ossuary
  7546 | D:8      | Noticed Maggie
  7567 | D:8      | Killed Maggie
  7983 | D:8      | Killed NimIero's ghost
  8229 | D:9      | Identified the +6 flail "Usaf" {distort, rC+ Int+3}
  8236 | D:9      | Found Zorufekk's Gadget Gallery.
  8467 | D:9      | Found Abaiph's Weapon Boutique.
  8611 | D:9      | Reached XP level 11. HP: 78/97 MP: 10/10
  8791 | D:9      | Found a staircase to the Lair.
  8933 | D:10     | Entered Level 10 of the Dungeon
  8933 | D:10     | Found a transporter.
  8945 | D:10     | Found a flagged portal.
  8953 | Bailey   | Entered a bailey
  9044 | Bailey   | Noticed an orc knight
  9048 | Bailey   | Killed an orc knight
  9063 | Bailey   | Noticed an orc knight
  9067 | Bailey   | Noticed an orc knight
  9071 | Bailey   | Killed an orc knight
  9072 | Bailey   | Reached skill level 10 in Fighting
  9072 | Bailey   | Reached skill level 10 in Armour
  9076 | Bailey   | Killed an orc knight
  9295 | D:10     | Found a transporter.
  9397 | D:10     | Noticed Snorg
  9406 | D:10     | Killed Snorg
  9422 | D:10     | Noticed Grum
  9426 | D:10     | Noticed Maurice
  9431 | D:10     | Killed Grum
  9435 | D:10     | Killed Maurice
  9770 | D:10     | Noticed a two-headed ogre
  9777 | D:10     | Killed a two-headed ogre
 10059 | D:11     | Noticed a two-headed ogre
 10065 | D:11     | Killed a two-headed ogre
 10066 | D:11     | Reached skill level 15 in Maces & Flails
 10433 | D:11     | Reached XP level 12. HP: 95/110 MP: 11/11
 10563 | D:11     | Found a transporter.
 10587 | D:11     | Found Pasyel's Magic Scroll Shop.
 10589 | D:11     | Found a transporter.
 10597 | D:11     | Bought a scroll of identify for 26 gold pieces
 10657 | D:11     | Acquired the +0 cloak "Ynluwiud" {rCorr Dex+4}
 10836 | D:12     | Found a staircase to the Orcish Mines.
 10875 | D:12     | Got Sif Muna's Folio of Shaping
 11382 | D:12     | Noticed a two-headed ogre
 11389 | D:12     | Killed a two-headed ogre
 11435 | D:12     | Noticed Lodul
 11446 | D:12     | Killed Lodul
 12034 | D:4      | Killed NimIero's ghost
 12443 | Lair:1   | Entered Level 1 of the Lair of Beasts
 12519 | Lair:1   | Reached skill level 5 in Shields
 13309 | Lair:2   | Found a hole to the Spider Nest.
 13337 | Lair:2   | Reached skill level 10 in Throwing
 13372 | Lair:2   | Noticed a six-headed hydra
 13377 | Lair:2   | Killed a six-headed hydra
 13378 | Lair:2   | Reached XP level 13. HP: 98/119 MP: 12/12
 13624 | Lair:2   | Noticed Harold
 13634 | Lair:2   | Killed Harold
 13955 | Lair:2   | Found a transporter.
 13958 | Lair:2   | Found a transporter.
 13959 | Lair:2   | Noticed Zleub's ghost (journeyman MfGl)
 14515 | Lair:2   | Killed Zleub's ghost
 14879 | Lair:3   | Found a staircase to the Shoals.
 15076 | Lair:3   | Identified the +1 dagger of Foul Odours {elec, Int+4}
 15476 | Lair:3   | Acquired the ring "Metouhom" {Dex+3 Slay+4}
 15880 | Lair:4   | Reached ****** piety under Wu Jian
 16159 | Lair:4   | Reached XP level 14. HP: 104/133 MP: 13/13
 16264 | Lair:4   | Identified the +12 mace "Onibryag" {antimagic, rElec rC+
                  | Dex+4}
 16401 | Lair:4   | Found a runed translucent door.
 16402 | Lair:4   | Found a viscous altar of Jiyva.
 16403 | Lair:4   | Found a staircase to the Slime Pits.
 16403 | Lair:4   | Noticed an acid blob
 16403 | Lair:4   | Noticed an acid blob
 16812 | Lair:5   | Entered Level 5 of the Lair of Beasts
 16827 | Lair:5   | Reached skill level 10 in Shields
 16863 | Lair:5   | Reached skill level 15 in Fighting
 16868 | Lair:5   | Reached skill level 15 in Armour
 17073 | Lair:5   | Noticed Sonja
 17080 | Lair:5   | Killed Sonja
 17820 | Lair:5   | Identified the ring "Zoumer" {rElec rPois rF+ Int-4}
 18541 | Orc:1    | Entered Level 1 of the Orcish Mines
 18541 | Orc:1    | Noticed an orc warlord
 18558 | Orc:1    | Killed an orc warlord
 18743 | Orc:1    | Reached XP level 15. HP: 145/145 MP: 11/14
 18982 | Orc:2    | Entered Level 2 of the Orcish Mines
 19312 | Orc:2    | Noticed Nergalle
 19335 | Orc:2    | Killed Nergalle
 19393 | Orc:2    | Found Wihih's Antique Armour Emporium.
 19419 | Orc:2    | Found Cifradarro's Antique Weapon Emporium.
 19570 | Orc:2    | Found Gahu's General Store.
 19786 | Orc:2    | Found a staircase to the Elven Halls.
 19791 | Orc:2    | Paralysed by an orc sorcerer for 2 turns
 19887 | Orc:2    | Found a runed translucent door.
 19919 | Orc:2    | Noticed diceflayer's ghost (journeyman DsHu)
 19962 | Orc:2    | Found Yckir's Jewellery Emporium.
 19969 | Orc:2    | Bought the ring "Daosam" {rC+ EV+5 Str+3 Dex+3} for 876
                  | gold pieces
 20182 | Orc:2    | Killed diceflayer's ghost
 20464 | Spider:1 | Entered Level 1 of the Spider Nest
 21777 | Spider:2 | Noticed Kirke
 21806 | Spider:2 | Killed Kirke
 21890 | Spider:2 | Noticed an emperor scorpion
 21897 | Spider:2 | Killed an emperor scorpion
 22102 | Spider:2 | Reached XP level 16. HP: 127/157 MP: 10/15
 22580 | Spider:2 | Reached skill level 15 in Shields
 22869 | Spider:3 | Noticed Bai Suzhen
 23322 | Spider:3 | Killed Bai Suzhen
 23892 | Spider:3 | Noticed Arachne
 23908 | Spider:3 | Killed Arachne
 24410 | Spider:4 | Entered Level 4 of the Spider Nest
 24954 | Spider:4 | Reached XP level 17. HP: 168/168 MP: 0/16
 24990 | Spider:4 | Got a gossamer rune of Zot
 25448 | Shoals:1 | Entered Level 1 of the Shoals
 25545 | Shoals:1 | Found a flickering gateway to a bazaar.
 25551 | Bazaar   | Entered a bazaar
 25561 | Bazaar   | Found Leingous's Weapon Shop.
 25567 | Bazaar   | Found Sayzxoc's Book Shop.
 25578 | Bazaar   | Found Viaca's Distillery.
 25614 | Bazaar   | Found Caebeusk's Distillery.
 25622 | Bazaar   | Bought a potion of heal wounds for 40 gold pieces
 25658 | Bazaar   | Bought a potion of curing for 45 gold pieces
 25841 | Shoals:1 | Noticed a titan
 26483 | Shoals:1 | Found a runed translucent gate.
 26484 | Shoals:1 | Found a runed translucent gate.
 26485 | Shoals:1 | Found a runed translucent gate.
 26487 | Shoals:1 | Noticed ShutUppercut's ghost (adept SpEn)
 26762 | Shoals:1 | Identified the +4 lajatang "Ycunyhog" {spect, Drain Int+3
                  | Stlth+}
 26916 | Shoals:1 | Killed a titan
 27067 | Shoals:2 | Noticed Ilsuiw
 27265 | Shoals:2 | Noticed Mlioglotl
 27346 | Shoals:2 | Noticed Frances
 27378 | Shoals:2 | Killed Frances
 27466 | Shoals:2 | Noticed a kraken
 27674 | Shoals:2 | Killed Mlioglotl
 28198 | Shoals:2 | Killed Ilsuiw
 28759 | Shoals:2 | Killed a kraken
 28856 | Shoals:3 | Noticed Donald
 28865 | Shoals:3 | Killed Donald
 28935 | Shoals:3 | Noticed Polyphemus
 28951 | Shoals:3 | Killed Polyphemus
 29919 | Shoals:3 | Reached XP level 18. HP: 131/173 MP: 10/17
 30131 | Shoals:4 | Entered Level 4 of the Shoals
 30131 | Shoals:4 | Found a blossoming altar of Fedhas.
 30179 | Shoals:4 | Paralysed by an air elemental for 1 turns
 30369 | Shoals:4 | HP: 6/182 [merfolk javelineer/silver javelin (22)]
 30369 | Shoals:4 | HP: 2/182 [merfolk javelineer/silver javelin (4)]
 30369 | Shoals:4 | Mangled by a merfolk impaler

Illustrated notes

Levels and vault maps discovered:
D:1:      psy_arrival_statuary, layout_basic, basic_ecumenical_altar,
          minmay_misc_feat_four_crosses, minmay_misc_feat_more_columns,
          hangedman_decor_slide_cut, nicolae_kite_square_tiling_tiny
D:2:      layout_rooms, uniq_sigmund, uniq_robin
D:3:      layout_loops_cross, nicolae_vehumet_radiance,
          mainiacjoe_overflow_boulevard, nzn_overflow_gifts_of_might_and_magic
D:4:      layout_basic, serial_shops, nicolae_shop_stone, gammafunk_ghost_smash,
          grunt_ministairs_8
D:5:      layout_basic, uniq_blork_the_orc
D:6:      layout_layer_cave, nemelex_dance_club_becter, kennysheep_mini_moat,
          temple_doors_e, gammafunk_ghost_grave, uniq_duvessa, uniq_eustachio
D:7:      layout_loops_ring, serial_shops, shop, minmay_misc_feat_enclosed,
          minmay_unpleasant_kobolds
D:8:      layout_gridville, nicolae_ossuary_entry_giza, gammafunk_ghost_grave,
          abandoned_shop, uniq_maggie
D:9:      layout_rooms, erik_lair_dragon, serial_shops,
          nicolae_shop_bloodbath_and_beyond, nicolae_shop_gadgets
D:10:     gammafunk_worm_tunnel, layout_irregular_city, enter_bailey_1,
          corexii_leaking_fountain, palyth_stone_intersect,
          minmay_crystal_water, uniq_snorg, uniq_maurice, uniq_grum
D:11:     layout_loops_cross, serial_shops, nicolae_shop_drivethru,
          serial_aquarium, aquarium_bridge_square [aquarium_subvault_bridge,
          aquarium_subvault_wall, aquarium_subvault_bridge,
          aquarium_subvault_bridge], aquarium_window_1, aquarium_window_corner,
          aquarium_view_2d, aquarium_pool_corner
D:12:     nicolae_BIG_FREAKIN_CUBE, layout_irregular_city, hiddenorc2_lemuel,
          kennysheep_generic_room_10, uniq_lodul
Lair:1:   layout_cave_pods, chequers_serial_rivers_marsh, st_stairs_4,
          lemuel_fruit_tree, grunt_megastairs_3
Lair:2:   layout_gridlike, nicolae_spider_entry_orb_guardian,
          gammafunk_ghost_hive, uniq_harold
Lair:3:   layout_loops_ring, nicolae_shoals_entry_roost
Lair:4:   layout_regular_city, slime_entry_2, kennysheep_abandoned_house,
          lemuel_fruit_fields, infiniplex_staircase_pool, grunt_megastairs_5
Lair:5:   hangedman_lair_caniforms_friends, layout_hall_layers,
          chequers_serial_rivers_small_3, grunt_megastairs_1,
          infiniplex_staircase_pool_2, uniq_sonja
Shoals:1: cheibrodos_shoals_gigantism, layout_shoals,
          gammafunk_ghost_tricky_traps, serial_shops, bzr_entry_safe
Shoals:2: layout_shoals, nicolae_shoals_kraken_intersection, uniq_ilsuiw,
          uniq_frances, uniq_mlioglotl
Shoals:3: layout_shoals, nicolae_shoals_spectral_cove, uniq_donald,
          uniq_polyphemus
Shoals:4: shoals_end_hellmonk_storm_palace [storm_palace_center_circular,
          storm_palace_corner_altar, storm_palace_corner_grid,
          storm_palace_corner_altar, storm_palace_corner_reverse_hut]
Spider:1: layout_cave_pods
Spider:2: layout_spider_delve, hangedman_spider_tarantella_strand, uniq_kirke
Spider:3: layout_cave_pods, uniq_arachne, uniq_bai_suzhen
Spider:4: spider_rune_water
Orc:1:    layout_caves
Orc:2:    grunt_orc_cross, layout_caves, ebering_ghost_reflecting_pool,
          elves_outpost_lemuel

Skill      XL: |  1  2  3  4  5  6  7  8  9 10 11 12 13 14 15 16 17 18 |
---------------+-------------------------------------------------------+-----
Maces & Flails | 3 4 5 7 9 11 14 15 16 | 16.0
Fighting       | 4 6 9 11 12 14 16 18 19 21 | 21.2
Throwing       | 1 4 7 8 10 | 10.0
Armour         | 4 6 9 11 12 14 16 18 19 20 21 | 21.1
Shields        | 5 9 12 14 16 18 | 18.5

Action                     |  1- 3 |  4- 6 |  7- 9 | 10-12 | 13-15 | 16-18 || total
---------------------------+-------+-------+-------+-------+-------+-------++-------
  Melee: Flail             |    96 |   113 |   196 |   169 |       |       ||   574
         Headbutt          |    12 |    14 |    47 |   123 |   241 |   289 ||   726
         Club              |       |    22 |   118 |       |       |       ||   140
         Morningstar       |       |       |       |   436 |  1193 |  1281 ||  2910
  Throw: Dart              |       |    14 |    17 |     6 |       |     8 ||    45
         Throwing net      |       |       |       |     5 |       |     1 ||     6
         Javelin           |       |       |       |       |       |     1 ||     1
 Invoke: Heavenly Storm    |       |       |       |     3 |     4 |     5 ||    12
         Serpent's Lash    |       |       |       |       |       |     1 ||     1
Ability: Lunge             |     4 |    15 |    32 |    56 |    83 |    70 ||   260
         Whirlwind         |       |     4 |    10 |   173 |   490 |   307 ||   984
         Wall Jump         |       |       |       |       |     1 |       ||     1
  Evoke: Wand              |       |       |       |       |       |     4 ||     4
    Use: Scroll            |       |     5 |     6 |    23 |    11 |     1 ||    46
         Potion            |       |       |       |     1 |     3 |     3 ||     7
   Stab: Sleeping          |       |     1 |     1 |       |       |       ||     2
         Distracted        |       |     1 |       |       |       |       ||     1
         Held in net/web   |       |       |       |     4 |       |       ||     4
 Armour: Scale mail        |    45 |    27 |       |       |       |       ||    72
         Leather armour    |       |     3 |    87 |    53 |       |       ||   143
         Plate armour      |       |       |       |   152 |    34 |       ||   186
         Pearl dragon scal |       |       |       |       |   514 |   627 ||  1141
  Dodge: Dodged            |    45 |    42 |    91 |   170 |   389 |   724 ||  1461
  Block: Buckler           |    20 |    20 |    45 |    96 |   286 |   408 ||   875
         Kite shield       |       |       |       |       |       |   229 ||   229
